 Dungeon Crawl Stone Soup version 0.21.1-1-g345015f (webtiles) character file.

662 tidbits the Insei (level 7, 26/56 HPs)
             Began as a Gnoll Transmuter on Mar 7, 2018.
             Quit the game on level 6 of the Dungeon.
             The game lasted 00:08:58 (801 turns).

tidbits the Insei (Gnoll Transmuter)                 Turns: 801, Time: 00:08:59

Health: 26/56      AC:  2    Str: 13    XL:     7   Next: 56%
Magic:  22/26      EV: 26    Int: 17    God:
Gold:   76         SH:  0    Dex: 20    Spells: 13/19 levels left

rFire    . . .     SeeInvis .     - Unarmed
rCold    . . .     Gourm    .   (shield currently unavailable)
rNeg     . . .     Faith    .   (armour currently unavailable)
rPois    x         Spirit   .   (helmet currently unavailable)
rElec    .         Reflect  .   (cloak currently unavailable)
rCorr    .         Harm     .   (gloves currently unavailable)
MR       .....                  (boots currently unavailable)
Stlth    +++.......             (no amulet)
HPRegen  0.18/turn              g - ring of magical power
MPRegen  0.20/turn              (no ring)

@: spider-form
A: tiny, distributed training, strong nose
a: End Transformation


You were on level 6 of the Dungeon.
You were not hungry.
You were a venomous arachnid creature.
You visited 1 branch of the dungeon, and saw 6 of its levels.

You collected 76 gold pieces.

Inventory:

Hand Weapons
 f - a +1 dagger
 r - a +0 trident of venom
   (You took it off an orc wizard on level 3 of the Dungeon)
Missiles
 a - 55 arrows
 e - 37 stones
 h - 5 javelins (quivered)
 q - 10 tomahawks
Armour
 b - a +0 robe
 j - a +3 leather armour of poison resistance
   (You found it on level 2 of the Dungeon)
Jewellery
 g - a ring of magical power (left front leg)
   (You found it on level 5 of the Dungeon)
Scrolls
 i - a scroll of fog
 k - a scroll of random uselessness
 m - 3 scrolls of remove curse
Potions
 l - a potion of curing
 p - a potion of heal wounds
Books
 d - a book of Changes

   Spells                             Type                      Level
   a - Beastly Appendage              Transmutation                1
   b - Sticks to Snakes               Transmutation                2
   c - Spider Form                    Transmutation/Poison         3
   d - Ice Form                       Ice/Transmutation            4
   e - Blade Hands                    Transmutation                5
Comestibles
 c - a ration


   Skills:
 + Level 5.1 Fighting
 + Level 4.3 Short Blades
 + Level 4.3 Long Blades
 + Level 4.3 Axes
 + Level 4.3 Maces & Flails
 + Level 4.3 Polearms
 + Level 4.3 Staves
 + Level 4.3 Slings
 + Level 4.3 Bows
 + Level 4.3 Crossbows
 + Level 4.3 Throwing
 + Level 4.3 Armour
 + Level 6.4 Dodging
 + Level 4.3 Stealth
 + Level 4.3 Shields
 + Level 7.9 Unarmed Combat
 + Level 6.7 Spellcasting
 + Level 3.6 Conjurations
 + Level 3.6 Hexes
 + Level 3.6 Charms
 + Level 3.6 Summonings
 + Level 3.6 Necromancy
 + Level 3.6 Translocations
 + Level 5.3 Transmutations
 + Level 3.6 Fire Magic
 + Level 3.6 Ice Magic
 + Level 3.6 Air Magic
 + Level 3.6 Earth Magic
 + Level 3.6 Poison Magic
 + Level 4.8 Invocations
 + Level 4.3 Evocations


You had 13 spell levels left.
You knew the following spells:

 Your Spells              Type           Power        Failure   Level  Hunger
e - Beastly Appendage     Tmut           ###...       6%          1    None
k - Sticks to Snakes      Tmut           ###.....     8%          2    None
p - Spider Form           Tmut/Pois      ###.......   17%         3    ##.....


Dungeon Overview and Level Annotations

Branches:
Dungeon (6/15)
 Temple: D:4-7

Altars:


Innate Abilities, Weirdness & Mutations

Your experience applies equally to all skills.
((You have very sharp teeth.))
Your uncanny sense of smell can sniff out nearby items.


Message History

Eat one of 3 chunks of flesh? (ye/n/q)
You eat one of the 3 chunks of flesh.
This raw flesh tastes terrible.
You see here a spear.
Found a scroll labeled GURAIT SECLIT.
You see here a scroll labeled GURAIT SECLIT.
n - a scroll labeled GURAIT SECLIT
Found a scroll of remove curse.
Your transformation is almost over.
You see here a scroll of remove curse.
m - 3 scrolls of remove curse (gained 1)
An orc warrior comes into view.
It is wielding a dire flail. 2 orcs come into view.
Your transformation has ended.
Your +0 robe unmelds from your body.
Found a scroll labeled GURAIT SECLIT.
Unknown command. 3 orcs come into view.
The orc shouts! x3; You hear a shout!
The orc shouts!
Found a pair of boots.
An orc wizard comes into view. It is wielding a dagger.
Casting: Spider Form
Confirm with . or Enter, or press ? or * to list all spells.
You turn into a venomous arachnid creature.
Your +0 robe melds into your body.
You bite the orc!
You kill the orc!
Found a scroll of identify.
As you read the scroll labeled GURAIT SECLIT, it crumbles to dust.
You feel strangely unstable.
It was a scroll of teleportation.
The orc wizard mumbles some strange words.
The orc wizard seems to speed up.
Unknown command.
Your surroundings suddenly seem different.
Found a scroll labeled SEPLUBO MESCHED.
Things that are here:
a scroll labeled SEPLUBO MESCHED; 14 sling bullets
As you read the scroll labeled SEPLUBO MESCHED, it crumbles to dust.
It is a scroll of enchant armour.
Your glowing leather armour glows green for a moment.
You can't wear anything in your present form.
Your transformation has ended.
Your +0 robe unmelds from your body.
Wear which item? (? for menu, Esc to quit)
Keep disrobing?
You start removing your armour.
You continue taking off your +0 robe. x3
Magic restored.
You continue taking off your +0 robe.
You finish taking off your +0 robe.
Unknown command.
Casting: Spider Form
Confirm with . or Enter, or press ? or * to list all spells.
You turn into a venomous arachnid creature.
The orc warrior shouts!
Casting: Spider Form
Confirm with . or Enter, or press ? or * to list all spells.
You create 2 snakes!
You now have 55 arrows.
An orc priest comes into view. It is wielding a mace.
You hit the orc warrior but do no damage.
The orc warrior is poisoned.
The orc warrior hits you with a dire flail!
Your adder bites the orc warrior but does no damage.
An orc comes into view. It is wielding a dagger.
You hit the orc warrior.
The orc warrior looks as sick as possible!
The orc warrior is moderately wounded.
Your adder bites the orc warrior but does no damage.
The orc moves out of view.
Your adder closely misses the orc warrior.
The orc warrior misses you.
You hit the orc warrior but do no damage.
The orc warrior looks as sick as possible!
The orc warrior is moderately wounded.
The orc wizard casts a spell at you. The puff of flame hits your adder.
Your adder dies!
Your adder bites the orc warrior but does no damage.
You hit the orc warrior but do no damage.
The orc warrior looks as sick as possible!
The orc warrior is moderately wounded.
The orc warrior hits you with a dire flail!!
* * * LOW HITPOINT WARNING * * *
The orc priest looks encouraged for a moment.
Your adder closely misses the orc warrior.
You completely miss the orc warrior.
The orc warrior is moderately wounded.
Your adder bites the orc warrior but does no damage.
The orc warrior closely misses you.
The orc wizard miscasts a cantrip.
You hit the orc warrior but do no damage.
The orc warrior looks as sick as possible!
The orc warrior is moderately wounded.
Your adder bites the orc warrior but does no damage.
The orc wizard barely misses you. The orc warrior misses you.
You closely miss the orc warrior.
The orc warrior is heavily wounded.
Your adder closely misses the orc warrior.
The orc wizard misses you.
Your adder closely misses the orc warrior.
The orc warrior completely misses you.
Are you sure you want to abandon this character and quit the game? (Confirm with "yes".)

###########
#(.S.......
#so.o......
#oo........
#..........
#....##....
#....# ...
#....# ..
#....# .
#...##


You could see an orc warrior, an orc priest, an orc wizard, an orc and a
friendly adder.

Vanquished Creatures
  A centaur (D:6)
  A crimson imp (D:5)
  A hound (D:4)
  A bullfrog zombie (D:6)
  An orc wizard (D:3)
  An iguana (D:4)
  A worker ant (D:5)
  4 gnolls (D:6)
  4 adders
  A shadow imp (D:3)
  A worm (D:2)
  3 dart slugs
  2 leopard geckos
  5 orcs
  A ball python (D:1)
  2 giant cockroaches
  7 goblins
  5 hobgoblins
  A quokka (D:2)
  2 bats (D:1)
  3 frilled lizards
  5 rats
53 creatures vanquished.

Vanquished Creatures (collateral kills)
  Grinder (D:3)
1 creature vanquished.

Grand Total: 54 creatures vanquished

Notes
Turn   | Place    | Note
-------+----------+-------------------------------------------
     0 | D:1      | tidbits the Gnoll Transmuter began the quest for the Orb.
     0 | D:1      | Reached XP level 1. HP: 17/17 MP: 6/6
    40 | D:1      | Reached XP level 2. HP: 21/23 MP: 5/7
    98 | D:1      | Learned a level 2 spell: Sticks to Snakes
   147 | D:2      | Reached XP level 3. HP: 10/28 MP: 6/9
   152 | D:2      | Learned a level 3 spell: Spider Form
   157 | D:2      | Reached skill level 5 in Spellcasting
   236 | D:1      | Reached skill level 1 in Invocations
   258 | D:3      | Noticed Grinder
   359 | D:3      | Reached skill level 1 in Short Blades
   359 | D:3      | Reached skill level 1 in Long Blades
   359 | D:3      | Reached skill level 1 in Axes
   359 | D:3      | Reached skill level 1 in Maces & Flails
   359 | D:3      | Reached skill level 1 in Polearms
   359 | D:3      | Reached skill level 1 in Staves
   359 | D:3      | Reached skill level 1 in Slings
   359 | D:3      | Reached skill level 1 in Bows
   359 | D:3      | Reached skill level 1 in Crossbows
   359 | D:3      | Reached skill level 1 in Throwing
   359 | D:3      | Reached skill level 1 in Armour
   359 | D:3      | Reached skill level 1 in Stealth
   359 | D:3      | Reached skill level 1 in Shields
   359 | D:3      | Reached skill level 1 in Evocations
   359 | D:3      | Reached XP level 4. HP: 14/34 MP: 1/11
   439 | D:3      | Reached skill level 1 in Conjurations
   439 | D:3      | Reached skill level 1 in Hexes
   439 | D:3      | Reached skill level 1 in Charms
   439 | D:3      | Reached skill level 1 in Summonings
   439 | D:3      | Reached skill level 1 in Necromancy
   439 | D:3      | Reached skill level 1 in Translocations
   439 | D:3      | Reached skill level 1 in Fire Magic
   439 | D:3      | Reached skill level 1 in Ice Magic
   439 | D:3      | Reached skill level 1 in Air Magic
   439 | D:3      | Reached skill level 1 in Earth Magic
   439 | D:3      | Reached skill level 1 in Poison Magic
   476 | D:3      | Paralysed by Grinder for 2 turns
   484 | D:3      | Paralysed by Grinder for 3 turns
   489 | D:3      | Reached skill level 4 in Fighting
   489 | D:3      | Reached skill level 4 in Short Blades
   489 | D:3      | Reached skill level 4 in Long Blades
   489 | D:3      | Reached skill level 4 in Axes
   489 | D:3      | Reached skill level 4 in Maces & Flails
   489 | D:3      | Reached skill level 4 in Polearms
   489 | D:3      | Reached skill level 4 in Staves
   489 | D:3      | Reached skill level 4 in Slings
   489 | D:3      | Reached skill level 4 in Bows
   489 | D:3      | Reached skill level 4 in Crossbows
   489 | D:3      | Reached skill level 4 in Throwing
   489 | D:3      | Reached skill level 4 in Armour
   489 | D:3      | Reached skill level 6 in Dodging
   489 | D:3      | Reached skill level 4 in Stealth
   489 | D:3      | Reached skill level 4 in Shields
   489 | D:3      | Reached skill level 7 in Unarmed Combat
   489 | D:3      | Reached skill level 6 in Spellcasting
   489 | D:3      | Reached skill level 3 in Conjurations
   489 | D:3      | Reached skill level 3 in Hexes
   489 | D:3      | Reached skill level 3 in Charms
   489 | D:3      | Reached skill level 3 in Summonings
   489 | D:3      | Reached skill level 3 in Necromancy
   489 | D:3      | Reached skill level 3 in Translocations
   489 | D:3      | Reached skill level 5 in Transmutations
   489 | D:3      | Reached skill level 3 in Fire Magic
   489 | D:3      | Reached skill level 3 in Ice Magic
   489 | D:3      | Reached skill level 3 in Air Magic
   489 | D:3      | Reached skill level 3 in Earth Magic
   489 | D:3      | Reached skill level 3 in Poison Magic
   489 | D:3      | Reached skill level 4 in Invocations
   489 | D:3      | Reached skill level 4 in Evocations
   489 | D:3      | Reached XP level 5. HP: 43/43 MP: 8/14
   493 | D:3      | Killed Grinder
   493 | D:3      | Reached skill level 5 in Fighting
   493 | D:3      | Reached XP level 6. HP: 51/51 MP: 9/15
   599 | D:4      | Reached XP level 7. HP: 56/56 MP: 12/16
   606 | D:5      | Entered Level 5 of the Dungeon
   801 | D:6      | Quit the game

Skill      XL: |  1  2  3  4  5 |
---------------+----------------+-----
Spellcasting   | 5 6 |  6.7
Invocations    | 1 4 |  4.8
Short Blades   | 1 4 |  4.3
Long Blades    | 1 4 |  4.3
Axes           | 1 4 |  4.3
Maces & Flails | 1 4 |  4.3
Polearms       | 1 4 |  4.3
Staves         | 1 4 |  4.3
Slings         | 1 4 |  4.3
Bows           | 1 4 |  4.3
Crossbows      | 1 4 |  4.3
Throwing       | 1 4 |  4.3
Armour         | 1 4 |  4.3
Stealth        | 1 4 |  4.3
Shields        | 1 4 |  4.3
Evocations     | 1 4 |  4.3
Conjurations   | 3 |  3.6
Hexes          | 3 |  3.6
Charms         | 3 |  3.6
Summonings     | 3 |  3.6
Necromancy     | 3 |  3.6
Translocations | 3 |  3.6
Fire Magic     | 3 |  3.6
Ice Magic      | 3 |  3.6
Air Magic      | 3 |  3.6
Earth Magic    | 3 |  3.6
Poison Magic   | 3 |  3.6
Fighting       | 4 5 |  5.1
Dodging        | 6 |  6.4
Unarmed Combat | 7 |  7.9
Transmutations | 5 |  5.3

Action                   |  1- 3 |  4- 6 |  7- 9 || total
-------------------------+-------+-------+-------++-------
Melee: Unarmed           |    68 |    28 |    29 ||   125
       Kick              |     7 |       |       ||     7
       Bite              |     7 |       |       ||     7
       Punch             |     1 |       |       ||     1
 Cast: Beastly Appendage |     8 |     1 |       ||     9
       Sticks to Snakes  |     1 |     2 |     2 ||     5
       Spider Form       |     7 |     5 |     5 ||    17
 Abil: End Transformatio |       |       |     1 ||     1
  Use: Potion            |     1 |     3 |       ||     4
       Scroll            |       |       |     9 ||     9
 Stab: Sleeping          |     1 |     1 |     4 ||     6
       Distracted        |       |       |     1 ||     1
  Eat: Chunk             |       |       |     1 ||     1
Armor: Robe              |     6 |     1 |       ||     7
       Skin              |     1 |       |       ||     1
Dodge: Dodged            |    43 |    27 |    22 ||    92

Table legend:
 A = Turns spent in this place as a percentage of turns spent in the entire game.
 B = Non-inter-level travel turns spent in this place as a percentage of non-inter-level travel turns spent in the entire game.
 C = Inter-level travel turns spent in this place as a percentage of turns spent in this place.
 D = Turns resting spent in this place as a percentage of non-inter-level travel turns spent in this place.
 E = Turns spent auto-exploring this place as a percentage of non-inter-level travel turns spent in this place.
 F = Non-inter-level travel turns spent in this place divided by the number of levels of this place that you've seen.
                   A       B       C       D       E      F
               +-------+-------+-------+-------+-------+----------------------
         Total | 100.0 | 100.0 |   0.0 |   0.0 |   0.0 | 133.5
       Dungeon | 100.0 | 100.0 |   0.0 |   0.0 |   0.0 | 133.5
               +-------+-------+-------+-------+-------+----------------------

Table legend:
 A = Kills in this place as a percentage of kills in entire the game.
 B = Kills by you in this place as a percentage of kills by you in the entire game.
 C = Kills by friends in this place as a percentage of kills by friends in the entire game.
 D = Other kills in this place as a percentage of other kills in the entire game.
 E = Experience gained in this place as a percentage of experience gained in the entire game.
 F = Experience gained in this place divided by the number of levels of this place that you have seen.
                   A       B       C       D       E      F
               +-------+-------+-------+-------+-------+----------------------
         Total | 100.0 | 100.0 | 100.0 |   N/A | 100.0 | 132.5
       Dungeon | 100.0 | 100.0 | 100.0 |   N/A | 100.0 | 132.5
               +-------+-------+-------+-------+-------+----------------------

Vault maps used:
D:1:      lemuel_arrival_rhombus
D:2:      kennysheep_generic_room_10
D:3:      zin_statuary, uniq_grinder
D:4:      gammafunk_temple_overflow_pools, lemuel_doored_altar, uniq_duvessa
D:5:      wad_crossroads, vehumet_statue, minmay_temple_entry_glass,
          serial_shops, shop, first_ration
D:6:      kennysheep_mini
